 Dungeon Crawl Stone Soup version 0.31-a0-978-g1e143483b6 (webtiles) character file.

Game seed: 7827876716956636099

339 gelatine the Chopper (level 6, -1/46 HPs)
             Began as a Demonspawn Gladiator on Oct 30, 2023.
             Succumbed to Sigmund's poison
             ... on level 4 of the Dungeon.
             The game lasted 00:05:45 (2069 turns).

gelatine the Chopper (Demonspawn Gladiator)         Turns: 2069, Time: 00:05:46

Health: -1/46      AC: 13    Str: 14 (17) XL:     6   Next: 29%
Magic:  6/6        EV: 15    Int:  8 (9)  God:
Gold:   112        SH:  0    Dex: 12 (14) Spells: 5/5 levels left

rFire   . . .        a - +0 war axe
rCold   . . .        (no shield)
rNeg    . . .        l - +0 scale mail
rPois   .            c - +0 helmet
rElec   .            (no cloak)
rCorr   .            k - +1 pair of gloves
SInv    .            i - +0 pair of boots
Will    .....        (no amulet) Stlth
                     o - +5 ring of evasion
HPRegen 0.27/turn    (no ring)
MPRegen 0.10/turn

%: no passive effects
@: lethally poisoned (-1 -> -9), hasted, very quick
A: hooves 1, thin metallic scales 2, ignite blood 1
a: no special abilities


You were on level 4 of the Dungeon.
You visited 1 branch of the dungeon, and saw 4 of its levels.

You collected 112 gold pieces.

Inventory:

Hand Weapons
 a - a +0 war axe (weapon)
Missiles
 d - 2 throwing nets
 e - 5 stones
 r - a boomerang (quivered)
Armour
 b - a +0 leather armour
 c - a +0 helmet (worn)
 i - a +0 pair of boots (worn)
 k - a +1 pair of gloves (worn)
 l - a +0 scale mail (worn)
Jewellery
 o - a +5 ring of evasion (left hand)
Scrolls
 f - 7 scrolls of identify {unknown}
 h - 2 scrolls of fog {unknown}
 m - 3 scrolls of teleportation {unknown}
 u - a scroll of noise {unknown}
Potions
 s - a potion of magic {unknown}
 t - a potion of might {unknown}


   Skills:
 + Level 2.8 Fighting
 + Level 5.1 Axes
 + Level 2.0 Throwing
 + Level 1.8 Armour
 + Level 3.5 Dodging
 + Level 0.1 Stealth


You had 5 spell levels left.
You didn't know any spells.
Your spell library contained the following spells:

 Spells                   Type           Power      Damage    Failure   Level
 Apportation              Tloc           0%         N/A       88%         1
 Magic Dart               Conj           0%         1d3       88%         1
 Necrotise                Necr           0%         1d4       88%         1
 Summon Small Mammal      Summ           0%         N/A       88%         1
 Call Imp                 Summ           0%         N/A       95%         2
 Mephitic Cloud           Conj/Pois/Air  0%         N/A       99%         3


Dungeon Overview and Level Annotations

Branches:
Dungeon (4/15)
 Temple: D:4-7

Altars:

Annotations:
D:3 1 runed translucent door, Scrimshaw's ghost, amateur OpSh
D:4 Sigmund


Innate Abilities, Weirdness & Mutations

You have large cloven feet.
You are mostly covered in thin metallic scales. (AC +3)
Your demonic aura sometimes causes spilled blood to erupt in flames.


Message History

The hound bites you but does no damage. Something hits you but does no damage.
You are more poisoned.
The hound completely misses you.
You miss the hound.
You feel very sick. The hound closely misses you.
Something hits you but does no damage.
You are more poisoned.
The hound misses you.
You closely miss the hound.
You feel very sick. The hound bites you but does no damage.
Something hits you but does no damage.
You are more poisoned.
The hound barely misses you.
You closely miss the hound.
You feel very sick. The hound barely misses you. Something hits you!
* * * LOW HITPOINT WARNING * * *
You are more poisoned.
The hound misses you.
You closely miss the hound.
* * * LOW HITPOINT WARNING * * *
You feel extremely sick. The hound misses you.
It was a potion of curing.
You feel better. The hound bites you but does no damage. Something hits you!
* * * LOW HITPOINT WARNING * * *
You are lethally poisoned!
The hound misses you.
You feel better. The hound barely misses you. Something hits you.
* * * LOW HITPOINT WARNING * * *
You are lethally poisoned!
It was a potion of degeneration.
There was something very wrong with that liquid.
You feel weakened.
You feel dopey.
You feel clumsy.
* * * LOW HITPOINT WARNING * * *
You feel very sick. The hound completely misses you. The hound bites you.
* * * LOW HITPOINT WARNING * * *
It was a potion of haste.
You feel yourself speed up.
You die...

## .. .# #####
.. .
#...#####.#...#
#.#.@h{.......#
#...#####.....#
##.## ...(( #.#
...# #######.#
..# #.......##
.# #........##
. #.........#
#.........#


You could see a hound.

Vanquished Creatures
  Eustachio (D:4)
  7 adders
  4 gnolls (D:2)
  2 worms (D:2)
  2 dart slugs
  6 orcs
  11 ball pythons
  7 bats
  7 endoplasms
  A giant cockroach (D:1)
  6 goblins
  A hobgoblin (D:2)
  3 jackals (D:1)
  3 kobolds
  4 quokkas
  5 frilled lizards
  5 rats
75 creatures vanquished.

Vanquished Creatures (others)
  An orc wizard (D:3)
1 creature vanquished.

Grand Total: 76 creatures vanquished

Notes
Turn   | Place    | Note
-------+----------+-------------------------------------------
     0 | D:1      | gelatine the Demonspawn Gladiator began the quest for the
                  | Orb.
     0 | D:1      | Reached XP level 1. HP: 16/16 MP: 1/1
   145 | D:1      | Reached skill level 3 in Axes
   145 | D:1      | Gained mutation: You are partially covered in thin metallic
                  | scales. (AC +2) [demonic ancestry]
   145 | D:1      | Reached XP level 2. HP: 15/22 MP: 2/2
   548 | D:1      | Found a faded altar of an unknown god.
   587 | D:2      | Gained mutation: Your demonic aura sometimes causes spilled
                  | blood to erupt in flames. [demonic ancestry]
   587 | D:2      | Reached XP level 3. HP: 27/27 MP: 3/3
   749 | D:2      | Reached skill level 1 in Armour
   831 | D:2      | Reached XP level 4. HP: 25/33 MP: 4/4
   849 | D:2      | Reached skill level 4 in Axes
   957 | D:2      | You fall into a shaft and drop 1 floor!
   979 | D:3      | Gained mutation: You have large cloven feet. [demonic
                  | ancestry]
   979 | D:3      | Reached XP level 5. HP: 38/39 MP: 5/5
   994 | D:3      | Found a runed translucent door.
  1571 | D:3      | Noticed Scrimshaw's ghost (amateur OpSh)
  2017 | D:4      | Noticed Eustachio
  2026 | D:4      | Killed Eustachio
  2027 | D:4      | Reached skill level 5 in Axes
  2027 | D:4      | Gained mutation: You are mostly covered in thin metallic
                  | scales. (AC +3) [demonic ancestry]
  2027 | D:4      | Reached XP level 6. HP: 46/46 MP: 6/6
  2048 | D:4      | Noticed Sigmund
  2066 | D:4      | HP: 2/46 [something (8)]
  2069 | D:4      | Succumbed to Sigmund's poison

Illustrated notes

Levels and vault maps discovered:
D:1:      wander_arrival_peaceful_grave, layout_rooms,
          shapermc_ecumenical_altar_mp_vishouse
D:2:      layout_rooms, minmay_shallow_snake_nest
D:3:      layout_rooms, ebering_ghost_sewer_d
D:4:      layout_loops_corners, lemuel_zombie_altar_yredelemnul, uniq_sigmund,
          uniq_eustachio

Skill      XL: |  1  2  3  4  5 |
---------------+----------------+-----
Axes           | 3 4 5 |  5.1
Dodging        | 3 |  3.5
Armour         | 1 |  1.8
Throwing       | 2 |  2.0
Fighting       | |  2.8
Stealth        | |  0.1

Action                     |  1- 3 |  4- 6 || total
---------------------------+-------+-------++-------
  Melee: War axe           |    93 |   100 ||   193
  Throw: Dart              |       |     7 ||     7
         Javelin           |       |     3 ||     3
         Throwing net      |       |     1 ||     1
         Boomerang         |       |     2 ||     2
    Use: Potion            |       |     4 ||     4
 Armour: Leather armour    |    24 |       ||    24
         Scale mail        |    50 |    81 ||   131
  Dodge: Dodged            |    62 |   112 ||   174

Table legend: (Time is in decaauts)
 A = Elapsed time spent in this place.
 B = Non-inter-level travel time spent in this place.
 C = Inter-level travel time spent in this place.
 D = Time resting spent in this place.
 E = Time spent auto-exploring this place.
 F = Levels seen in this place.
 G = Mean time per level.
                   A        B        C        D        E       F      G
               +--------+--------+--------+--------+--------+-----+--------+
         Total |   2128 |   2051 |     77 |      0 |   1426 |   4 |  532.0 |
       Dungeon |   2128 |   2051 |     77 |      0 |   1426 |   4 |  532.0 |
               +--------+--------+--------+--------+--------+-----+--------+

Top non-repeatable levels by time:
     D:3: 659 daAuts
     D:2: 611 daAuts
     D:1: 582 daAuts
     D:4: 276 daAuts
